 Dungeon Crawl Stone Soup version 0.29.1-12-g30fa7ad0bf (webtiles) character file.

Game seed: 7488291474222025547

432 wormed the Sneak (level 7, -21/44 HPs)
             Began as a Kobold Delver on Dec 24, 2022.
             Was a Believer of Dithmenos.
             Killed by an exploding phantom (27 damage)
             ... ignited by their inner flame
             ... on level 5 of the Dungeon.
             The game lasted 00:13:06 (5998 turns).

wormed the Sneak (Kobold Delver)                    Turns: 5998, Time: 00:13:07

Health: -21/44     AC:  3    Str: 16    XL:     7   Next: 20%
Magic:  0/7        EV: 17    Int: 11    God:    Dithmenos [**....]
Gold:   371        SH:  0    Dex: 18    Spells: 6/6 levels left

rFire   . . .      SeeInvis .   A - +1 dagger (drain)
rCold   . . .      Faith    .   (no shield)
rNeg    . . .      Spirit   +   b - +0 leather armour
rPois   .          Reflect  .   (no helmet)
rElec   .          Harm     .   (no cloak)
rCorr   .          Rampage  .   (no gloves)
Will    .....                   (no boots)
Stlth   ++++++....              t - amulet of guardian spirit
HPRegen 0.14/turn               k - +6 ring of strength
MPRegen 0.10/turn               z - ring of flight

@: flying, wreathed by umbra
A: small, no large weapons, nightstalker 3
a: Renounce Religion, Shadow Step


You were on level 5 of the Dungeon.
You worshipped Dithmenos.
Dithmenos was pleased with you.
You visited 2 branches of the dungeon, and saw 6 of its levels.

You collected 371 gold pieces.

Inventory:

Hand Weapons
 a - a +0 short sword
 h - a +1 dagger of speed
 A - a +1 dagger of draining (weapon)
Missiles
 y - 3 poisoned darts (quivered)
Armour
 b - a +0 leather armour (worn)
Jewellery
 k - a +6 ring of strength (left hand)
 t - an amulet of guardian spirit (around neck)
 x - a ring of poison resistance
 z - a ring of flight (right hand)
Wands
 g - a wand of digging (3)
Scrolls
 e - a scroll of magic mapping
 j - 4 scrolls of identify {unknown}
 p - a scroll of immolation
 s - 2 scrolls of noise {unknown}
 u - a scroll of vulnerability {unknown}
 w - a scroll of summoning {unknown}
Potions
 d - 2 potions of curing {unknown}
 i - a potion of mutation {unknown}
 l - 3 potions of resistance {unknown}
 m - a potion of experience {unknown}
 n - a potion of lignification {unknown}
 o - a potion of attraction {unknown}
 r - a potion of heal wounds {unknown}
 v - a potion of brilliance {unknown}


   Skills:
 + Level 4.5 Fighting
 * Level 6.0 Short Blades
 * Level 5.1 Dodging
 + Level 7.8 Stealth


You had 6 spell levels left.
You didn't know any spells.
Your spell library contained the following spells:

 Spells                   Type           Power      Damage    Failure   Level
 Sandblast                Erth           0%         2d4       41%         1
 Passwall                 Tmut/Erth      0%         N/A       54%         2
 Poisonous Vapours        Pois/Air       0%         N/A       54%         2
 Scorch                   Fire           0%         2d5       54%         2
 Ignite Poison            Fire/Tmut/Pois 0%         N/A       78%         3
 Mephitic Cloud           Conj/Pois/Air  0%         N/A       78%         3
 Stone Arrow              Conj/Erth      0%         3d7       78%         3
 Corpse Rot               Necr/Pois/Air  0%         N/A       99%         4
 Flame Wave               Conj/Fire      0%         2d4       99%         4
 Freezing Cloud           Conj/Ice/Air   0%         6-21      100%        5
 Summon Cactus Giant      Summ           0%         N/A       100%        6


Dungeon Overview and Level Annotations

Branches:
Dungeon (5/15)             Temple (1/1) D:5

Altars:
Ashenzari
Cheibriados
Dithmenos
Fedhas
Gozag
Hepliaklqana
Kikubaaqudgha
Makhleb
Nemelex Xobeh
Okawaru
Qazlal
Sif Muna
Uskayaw
Vehumet
Wu Jian
Xom
Yredelemnul
Zin
The Shining One

Shops:
D:1 (


Innate Abilities, Weirdness & Mutations

You are small and have problems with some larger weapons.
You are completely attuned to the shadows.


Message History

The phantom is lightly damaged.
The phantom misses you.
You hit the phantom but do no damage. You hit the phantom.
The phantom is lightly damaged.
The phantom hits you!
* * * LOW HITPOINT WARNING * * *
You barely miss the phantom.
The phantom is lightly damaged.
The phantom barely misses you.
Okay, then.
You barely miss the phantom.
The phantom is lightly damaged.
The phantom hits you.
* * * LOW HITPOINT WARNING * * *
The phantom blinks!
You blink.
You hit the phantom.
The phantom is lightly damaged.
As you read the scroll of fog, it crumbles to dust.
The scroll dissolves into smoke.
The phantom hits you but does no damage.
You don't have enough magic at the moment.
The phantom attacks as you move away! The phantom hits you.
* * * LOW HITPOINT WARNING * * *
The phantom attacks as you move away! The phantom barely misses you.
As you read the scroll labelled WIAXKU DIAQ, it crumbles to dust.
The creatures around you are filled with an inner flame!
It was a scroll of immolation.
The phantom barely misses you.
You hit the phantom.
Flame seeps out of the phantom.
The phantom is lightly damaged.
The phantom is engulfed in blazing flames.
Flame seeps out of the phantom.
The phantom closely misses you.
You closely miss the phantom.
The phantom is heavily damaged.
The phantom is engulfed in blazing flames.
Dithmenos accepts your kill.
The phantom explodes!
The fiery explosion engulfs you!!
Ouch! That really hurt!
You die...

.######## #§#§#
#.#
........####§####
#.#
#########§§§#§§.#
#.# #§§#§#§.# #.#
####.#### #.#
#..# #.# ##.# #.#
#.#########.#
#..○@.......#
###########.# #.#
###


There were no monsters in sight!

Vanquished Creatures
  An ogre (D:4)
  2 phantoms
  2 iguanas
  2 orc wizards
  7 adders
  A dart slug (D:4)
  19 orcs
  7 endoplasms
  3 giant cockroaches
  8 goblins
  4 hobgoblins
  9 jackals
  4 kobolds
  7 quokkas
  6 ball pythons
  7 bats
  A frilled lizard (D:2)
  6 rats
96 creatures vanquished.

Vanquished Creatures (others)
  A quokka (D:5)
  3 plants (D:4)
4 creatures vanquished.

Grand Total: 100 creatures vanquished

Notes
Turn   | Place    | Note
-------+----------+-------------------------------------------
     0 | D:5      | wormed the Kobold Delver began the quest for the Orb.
     0 | D:5      | Reached XP level 1. HP: 14/14 MP: 1/1
   145 | D:5      | Found a staircase to the Ecumenical Temple.
   164 | Temple   | Entered the Ecumenical Temple
   167 | Temple   | Found a transporter.
   167 | Temple   | Found a transporter.
   169 | Temple   | Found a transporter.
   169 | Temple   | Found a transporter.
   232 | Temple   | Became a worshipper of Dithmenos the Shadowed
   359 | D:5      | Noticed an ogre
   370 | D:5      | Noticed an ogre
   417 | D:4      | Reached XP level 2. HP: 14/19 MP: 2/2
   595 | D:4      | Noticed a phantom
   917 | D:2      | Reached XP level 3. HP: 19/23 MP: 3/3
  1595 | D:1      | Found Dugi's Weapon Boutique.
  1716 | D:1      | Reached XP level 4. HP: 29/29 MP: 4/4
  1929 | D:1      | Reached skill level 7 in Stealth
  2128 | D:1      | Reached * piety under Dithmenos
  3272 | D:3      | Reached XP level 5. HP: 24/33 MP: 5/5
  3513 | D:4      | Noticed an ogre
  4049 | D:4      | Reached skill level 5 in Short Blades
  4050 | D:4      | Reached XP level 6. HP: 29/38 MP: 6/6
  5052 | D:4      | Reached ** piety under Dithmenos
  5283 | D:4      | Killed an ogre
  5584 | D:5      | Reached XP level 7. HP: 44/44 MP: 7/7
  5627 | D:5      | Reached skill level 5 in Dodging
  5998 | D:5      | Killed by an exploding phantom... ignited by their inner
                  | flame

Illustrated notes

Levels and vault maps discovered:
D:1:      eino_arrival_water_star, layout_basic, serial_shops, shop_coins,
          chequers_serial_rivers_marsh
D:2:      layout_loops_ring, feat_on_display
D:3:      layout_basic, minmay_between
D:4:      layout_basic, serial_bayou_pond_b, chequers_avenue,
          kennysheep_generic_room_7
D:5:      layout_basic, elyvilon_altar_4, minmay_temple_entry_offerings,
          wad_rectangle_vault
Temple:   hellmonk_temple_divided_pantheon

Skill      XL: |  1  2  3  4  5  6  7 |
---------------+----------------------+-----
Short Blades   | 3 4 5 6 |  6.0
Dodging        | 3 4 5 |  5.1
Stealth        | 7 |  7.8
Fighting       | 4 |  4.5

Action                   |  1- 3 |  4- 6 |  7- 9 || total
-------------------------+-------+-------+-------++-------
Melee: Short sword       |    15 |       |       ||    15
       Dagger            |    60 |   234 |    65 ||   359
       Punch             |       |     3 |       ||     3
  Use: Scroll            |     2 |     1 |     2 ||     5
       Potion            |       |     2 |       ||     2
 Stab: Sleeping          |    16 |    21 |     2 ||    39
Armor: Leather armour    |    11 |    23 |     5 ||    39
Dodge: Dodged            |    29 |   142 |    40 ||   211
